 Dungeon Crawl Stone Soup version 0.28-a0-628-g3c9886e45e (webtiles) character file.

Game seed: 15342137326635137709

37 rogsnak the Gusty (level 3, 0/24 HPs)
             Began as a Barachi Air Elementalist on Oct 8, 2021.
             Succumbed to an adder's poison
             ... on level 2 of the Dungeon.
             The game lasted 00:02:44 (1392 turns).

rogsnak the Gusty (Barachi Air Elementalist)        Turns: 1392, Time: 00:02:45

Health: 0/24       AC:  2    Str:  9    XL:     3   Next: 39%
Magic:  1/6        EV: 12    Int: 16    God:
Gold:   52         SH:  0    Dex: 12    Spells: 6/7 levels left

rFire   . . .      SeeInvis .   c - +0 club
rCold   . . .      Faith    .   (no shield)
rNeg    . . .      Spirit   .   a - +0 robe
rPois   .          Reflect  .   (no helmet)
rElec   .          Harm     .   (no cloak)
rCorr   .          Rampage  .   (no gloves)
Will    .....                   (no boots)
Stlth   ++........              (no amulet)
HPRegen 0.08/turn               (no ring)
MPRegen 0.10/turn               (no ring)

@: lethally poisoned (0 -> -3), slow
A: amphibious, slowness 1, strong legs 1, +LOS
a: Hop


You were on level 2 of the Dungeon.
You visited 1 branch of the dungeon, and saw 2 of its levels.

You collected 52 gold pieces.

Inventory:

Hand Weapons
 c - a +0 club (weapon)
Missiles
 d - 45 stones
 h - 19 arrows
Armour
 a - a +0 robe (worn)
Scrolls
 e - a scroll of enchant armour {unknown}
 f - a scroll of vulnerability {unknown}
 g - a scroll of teleportation {unknown}
 i - a scroll of identify {unknown}
Potions
 b - a potion of heal wounds {unknown}


   Skills:
 + Level 2.4 Dodging
 + Level 1.9 Stealth
 + Level 2.5 Spellcasting
 + Level 1.2 Conjurations
 + Level 4.2 Air Magic


You had 6 spell levels left.
You knew the following spells:

 Your Spells              Type           Power      Damage    Failure   Level
a - Shock                 Conj/Air       40%        1d5       6%          1

Your spell library contained the following spells:

 Spells                   Type           Power      Damage    Failure   Level
 Static Discharge         Conj/Air       10%        N/A       10%         2
 Swiftness                Air            15%        N/A       11%         3
 Airstrike                Air            7%         N/A       34%         4


Dungeon Overview and Level Annotations

Branches:
Dungeon (2/15)

Altars:

Shops:
D:1 (


Innate Abilities, Weirdness & Mutations

You are amphibious.
You cover ground slowly.
You can hop short distances.
You have an extended range of vision and can be seen from far away.


Message History

The adder is almost dead.
You feel sick. The adder misses you. x2
You closely miss the adder.
The adder is almost dead.
You feel sick. The adder bites you but does no damage.
You miss the adder.
The adder is almost dead.
You feel sick.
You are no longer poisoned.
The adder barely misses you. x2
Casting: Shock (safe; 6% risk of failure)
Confirm with . or Enter, or press ? or * to list all spells.
Aiming: Shock (safe; 6% risk of failure)
Press: ? - help, Shift-Dir - straight line The zap hits the adder.
The adder is almost dead.
The adder barely misses you.
Unknown command.
You hit the adder.
The adder is almost dead.
The adder misses you. x2
You barely miss the adder.
The adder is almost dead.
The adder bites you.
You are poisoned.
The adder poisons you! The adder bites you but does no damage.
You barely miss the adder.
The adder is almost dead.
You feel very sick. The adder closely misses you.
You miss the adder.
The adder is almost dead.
You feel sick. The adder barely misses you. x2
You hit the adder but do no damage.
The adder is almost dead.
You feel sick. The adder barely misses you. The adder bites you.
* * * LOW HITPOINT WARNING * * *
You hit the adder.
You kill the adder!
You die...

..# .# .....# ##
..#..# .. .....
# .##.#.# #.
.....# .###..
....#+#.#
.......#†...)..#
#.......@......#
#.............##
#........#....#
#.............#
#......### ...#
#...... .....
###.... .....
#.... ..... ....
....


There were no monsters in sight!

Vanquished Creatures
  An adder (D:2)
  2 dart slugs (D:1)
  2 endoplasms (D:1)
  8 goblins (D:1)
  2 hobgoblins (D:1)
  3 jackals (D:1)
  3 kobolds (D:1)
  A quokka (D:1)
  3 ball pythons (D:1)
  2 bats (D:1)
  2 frilled lizards (D:1)
  4 rats (D:1)
33 creatures vanquished.

Notes
Turn   | Place    | Note
-------+----------+-------------------------------------------
     0 | D:1      | rogsnak the Barachi Air Elementalist began the quest for
                  | the Orb.
     0 | D:1      | Reached XP level 1. HP: 13/13 MP: 3/3
   415 | D:1      | Reached XP level 2. HP: 19/19 MP: 3/5
   493 | D:1      | Found Tihaysiy's Weapon Boutique.
   647 | D:1      | Reached skill level 4 in Air Magic
   779 | D:1      | Reached XP level 3. HP: 24/24 MP: 4/6
  1392 | D:2      | Succumbed to an adder's poison

Illustrated notes

Levels and vault maps discovered:
D:1:      heliophobic_arrival_dark_side_of_the_moon, layout_basic, serial_shops,
          nicolae_shop_stone
D:2:      layout_basic, minmay_hexomino_u4

Skill      XL: |  1  2 |
---------------+-------+-----
Air Magic      | 4 |  4.2
Dodging        | |  2.4
Stealth        | |  1.9
Spellcasting   | |  2.5
Conjurations   | |  1.2

Action                   || total
-------------------------++-------
Melee: Club              ||    20
 Cast: Shock             ||    54
Armor: Robe              ||     8
Dodge: Dodged            ||    26

Table legend: (Time is in decaauts)
 A = Elapsed time spent in this place.
 B = Non-inter-level travel time spent in this place.
 C = Inter-level travel time spent in this place.
 D = Time resting spent in this place.
 E = Time spent auto-exploring this place.
 F = Levels seen in this place.
 G = Mean time per level.
                   A        B        C        D        E       F      G
               +--------+--------+--------+--------+--------+-----+--------+
         Total |   1513 |   1478 |     35 |    386 |    838 |   2 |  756.5 |
       Dungeon |   1513 |   1478 |     35 |    386 |    838 |   2 |  756.5 |
               +--------+--------+--------+--------+--------+-----+--------+

Top non-repeatable levels by time:
     D:1: 1494 daAuts
     D:2: 19 daAuts
